AoeStats
← Barón de la Cerveza

Arabia

510417087Analyzed
1v1 RM · 1d ago on Sep 30, 2026· 23m 44s· 2 players
Game mode
Random Map
Map size
Tiny (2 player)
Population
200
Speed
Normal
Resources
Standard
Victory
Conquest
Starting age
Dark Age
Ending age
Imperial Age
RankedLock teamsTeams togetherTeam positionsShared explorationLock speedFull tech treeHidden civsTurbo modeCheats
Victory
Defeat
🇹🇷 Ethiopians · Türkiye
2113
+5
🇲🇽 Poles · Mexico
1824
-5
Patoshiq
5:42 Loom
8:45 Feudal Age
10:01 Double-Bit Axe
13:59 Fletching
19:48 Castle Age
18:20 Padded Archer Armor
19:19 Gold Mining
19:38 Horse Collar
20:24 Bodkin Arrow
19:53 Crossbowman
21:32 Bow Saw
22:35 Ballistics
Barón de la Cerveza
7:37 Loom
9:42 Feudal Age
10:30 Horse Collar
10:39 Double-Bit Axe
16:18 Fletching
21:34 Castle Age
20:18 Padded Archer Armor
22:28 Bodkin Arrow
21:53 Crossbowman
21:56 Elite Skirmisher
Connection lost

Rejoining the realm…

Still unreachable

The connection could not be restored.

Session expired

The server has moved on; the page needs a fresh start.